 Dungeon Sprint DCSS version 0.29-a0-337-g68df138881 (webtiles) character file.

Game seed: 3914688865720733718

23431 mhtbhm the Executioner (level 12, -6/139 HPs)
             Began as a Minotaur Berserker on Apr 17, 2022.
             Was the Champion of Trog.
             Killed from afar by a frost giant (35 damage)
             ... with a bolt of cold
             ... in the Dungeon (Sprint IX: "|||||||||||||||||||||||||||||").
             The game lasted 00:05:13 (3190 turns).

mhtbhm the Executioner (Minotaur Berserker)         Turns: 3190, Time: 00:05:13

Health: -6/139     AC: 28    Str: 27    XL:     12   Next: 71%
Magic:  11/11      EV: 15    Int:  4    God:    Trog [******]
Gold:   45         SH:  0    Dex: 20    Spells: 11/11 levels left

rFire   + . .      SeeInvis .   a - +8 battleaxe "Spiderslayer" {vorpal, Dex+7}
rCold   . . .      Faith    .   (shield currently unavailable)
rNeg    . . .      Spirit   .   b - +3 plate armour {rF+}
rPois   .          Reflect  .   (helmet restricted)
rElec   .          Harm     .   C - +1 cloak
rCorr   .          Rampage  .   D - +1 pair of gloves
Will    .....      NoTele   +   (no boots)
Stlth   ..........              (no amulet)
HPRegen 0.33/turn               l - +3 ring of dexterity
MPRegen 0.12/turn               m - +2 ring of protection

@: on berserk cooldown, slowed, very slow
A: horns 2, retaliatory headbutt
a: Renounce Religion, Berserk, Trog's Hand, Brothers in Arms


You were in the Dungeon.
You worshipped Trog.
Trog was exalted by your worship.
You visited 1 branch You collected 1933 gold pieces.
You spent 1888 gold pieces at shops.

Inventory:

Hand Weapons
 a - the +8 battleaxe "Spiderslayer" (weapon) {vorpal, Dex+7}
   (Trog gifted it to you in the Dungeon)

   It inflicts extra damage upon your enemies.
   Dex:       It affects your dexterity (+7).
Missiles
 n - 6 curare-tipped darts (quivered)
 r - 2 throwing nets
 t - 7 javelins
 w - 2 silver javelins
Armour
 b - a +3 plate armour of fire resistance (worn)
 k - a +0 cloak
 s - a +0 pair of gloves
 C - a +1 cloak (worn)
 D - a +1 pair of gloves (worn)
 E - a +1 tower shield
Jewellery
 l - a +3 ring of dexterity (left hand)
 m - a +2 ring of protection (right hand)
 u - a ring of willpower
 z - a ring of ice
 A - a ring of fire
 B - a ring of resist corrosion
Scrolls
 h - 3 scrolls of blinking
 o - 6 scrolls of identify
 p - 2 scrolls of fear
 q - 3 scrolls of enchant armour
 v - a scroll of enchant weapon
 y - a scroll of immolation
Potions
 c - 2 potions of curing
 d - 15 potions of heal wounds
 e - 2 potions of haste
 f - 4 potions of magic
 g - 2 potions of berserk rage
 i - 2 potions of invisibility
 F - a potion of mutation
Miscellaneous
 x - a tin of tremorstones (1/2)


   Skills:
 + Level 22.4 Fighting
 + Level 23.7 Axes
 + Level 16.6 Armour
 + Level 11.7 Dodging
 + Level 5.5 Stealth
 + Level 4.4 Evocations


You had 11 spell levels left.
You didn't know any spells.
Your spell library was empty.

Dungeon Overview and Level Annotations

Branches:
Dungeon (1/1)

Altars:
Cheibriados
Dithmenos
Elyvilon
Fedhas
Gozag
Hepliaklqana
Kikubaaqudgha
Makhleb
Nemelex Xobeh
Okawaru
Qazlal
Ru
Sif Muna
Trog
Uskayaw
Vehumet
Wu Jian
Xom
Yredelemnul
Zin
The Shining One
Beogh
Jiyva
Lugonu

Shops:
D *=**


Innate Abilities, Weirdness & Mutations

You have a pair of horns on your head.
You reflexively headbutt those who attack you in melee.


Message History

Unknown command.
Unknown command.
Unknown command.
Aiming: Corrosive Bolt
Press: ? - help, Shift-Dir - straight line, f/p - frost giant
Aim: a frost giant, wielding a +1 battleaxe of freezing (lightly wounded, covered in acid, 98% to hit)
The bolt of acid hits the brown ugly thing.
The brown ugly thing is severely wounded.
The bolt of acid hits the frost giant!
The frost giant seems to be corroded for longer.
The frost giant is moderately wounded.
The now-empty wand crumbles to dust.
The brown ugly thing misses you.
Unknown command.
Unknown command.
Unknown command.
You hit the brown ugly thing but do no damage.
You headbutt the brown ugly thing!
The brown ugly thing is almost dead.
The brown ugly thing misses you.
You slash the brown ugly thing!
You kill the brown ugly thing!
Trog accepts your kill.
The frost giant points at you and mumbles some strange words.
The bolt of cold hits you!!
* * * LOW HITPOINT WARNING * * *
Unknown command.
The tremorstone explodes into fragments!
The burst of rock shards engulfs the frost giant! x2
Unknown command.
You slash the frost giant! You headbutt the frost giant!
The frost giant is severely wounded.
The frost giant hits you with a +1 battleaxe of freezing!
* * * LOW HITPOINT WARNING * * *
The frost giant freezes you.
* * * LOW HITPOINT WARNING * * *
You hit the frost giant.
The frost giant is severely wounded.
The frost giant casts a spell at you. The bolt of cold hits you!!
You die...

▓.▓.▓'▓.▓)▓.▓,*,*,*,*,*,*,*,*,
▓.▓.▓.▓.▓)▓)▓.▓,*,*,*,*,*,*,*,
▓)▓.▓.▓†▓∩▓.▓.▓,*,*,*,*,*,*,*,
▓)▓.▓[▓)▓)▓.▓.▓,*,*,*,*,*,*,*,
▓.▓.▓.▓.▓∩▓.▓.▓,*,*,*,*,*,*,*,
▓.▓.▓.▓.▓.▓.▓.▓,*,*,*,*,*,*,*+
▓.▓.▓†▓.▓∩▓.▓.▓,*,*,*,*,*,*,*,
▓[▓.▓.▓.▓.▓.▓C▓,*,*,*,*,*,*,*,
▓[▓.▓.▓.▓∩▓.▓@▓,*,*,*,*,*,*,*,
▓.▓.▓.▓.▓)▓.▓.▓,*+*,*,*,*,*,*,
▓)▓.▓.▓.▓)▓.▓)▓,*,*,*,*,*,*,*,
▓?▓.▓.▓.▓)▓.▓)▓,*,*,*,*,*,*,*,
▓.▓.▓†▓.▓)▓.▓'▓,*,*,*,*,*,*,*,
▓'▓.▓'▓.▓)▓.▓.▓,*,*,*,*,*,*,*,
▓_▓.▓)▓.▓)▓.▓.▓,*,*,*,*,*,*,*,
▓_▓.▓.▓.▓)▓.▓.▓,*,*,*,*,*,*,*,
▓_▓.▓.▓.▓.▓.▓.▓,*,*,*,*,*,*,*,


You could see a frost giant (corroded).

Vanquished Creatures
  A tengu reaver (D)
  A stone giant (D)
  A fire dragon (D)
  A boulder beetle (D)
  Harold (D)
  A catoblepas (D)
  A hydra (D)
  3 centaur warriors (D)
  A two-headed ogre (D)
  A deep troll earth mage (D)
  Urug (D)
  Sonja (D)
  10 orc knights (D)
  An orc sorcerer (D)
  A manticore (D)
  A salamander (shapeshifter) (D)
  An oklob plant (D)
  4 ugly things (D)
  Joseph (D)
  A black mamba (D)
  A cane toad (D)
  A komodo dragon (D)
  A yaktaur (D)
  A tengu conjurer (D)
  5 polar bears (D)
  A slime creature (D)
  A blink frog (D)
  A vampire (D)
  A wraith (D)
  2 wyverns (D)
  Grum (D)
  2 water moccasins (D)
  14 orc warriors (D)
  5 black bears (D)
  An ogre (D)
  A centaur (D)
  5 wolves (D)
  6 bullfrogs (D)
  A hound (D)
  2 orc priests (D)
  3 orc wizards (D)
  A gnoll (D)
  10 orcs (D)
  A bat (D)
  2 endoplasms (D)
  A quokka (D)
  A rat (D)
106 creatures vanquished.

Vanquished Creatures (collateral kills)
  A troll (D)
  A kobold brigand (D)
2 creatures vanquished.

Grand Total: 108 creatures vanquished

Notes
Turn   | Place    | Note
-------+----------+-------------------------------------------
     0 | D        | mhtbhm the Minotaur Berserker began the quest for the Orb.
     0 | D        | Reached XP level 1. HP: 19/19 MP: 0/0
     6 | D        | Reached skill level 4 in Axes
    12 | D        | Reached ** piety under Trog
    51 | D        | Noticed a hound
    51 | D        | Noticed an ogre
    51 | D        | Noticed a black bear
    57 | D        | Reached XP level 2. HP: 28/28 MP: 1/1
    60 | D        | Killed a black bear
    60 | D        | Reached *** piety under Trog
    61 | D        | Reached skill level 7 in Axes
    61 | D        | Reached XP level 3. HP: 34/39 MP: 2/2
    61 | D        | Reached XP level 4. HP: 41/47 MP: 3/3
    63 | D        | Killed an ogre
    64 | D        | Reached skill level 9 in Axes
    64 | D        | Reached XP level 5. HP: 50/56 MP: 4/4
    67 | D        | Reached skill level 5 in Dodging
   115 | D        | Found a snail-covered altar of Cheibriados.
   115 | D        | Found a shadowy altar of Dithmenos.
   115 | D        | Found a white marble altar of Elyvilon.
   115 | D        | Found a blossoming altar of Fedhas.
   115 | D        | Found an opulent altar of Gozag.
   116 | D        | Found a hazy altar of Hepliaklqana.
   117 | D        | Found a viscous altar of Jiyva.
   118 | D        | Found an ancient bone altar of Kikubaaqudgha.
   119 | D        | Found a corrupted altar of Lugonu.
   120 | D        | Found a burning altar of Makhleb.
   121 | D        | Found a sparkling altar of Nemelex Xobeh.
   122 | D        | Found an iron altar of Okawaru.
   123 | D        | Found a stormy altar of Qazlal.
   124 | D        | Found a sacrificial altar of Ru.
   125 | D        | Found a shimmering blue altar of Sif Muna.
   126 | D        | Found a bloodstained altar of Trog.
   127 | D        | Found a hide-covered altar of Uskayaw.
   128 | D        | Found a radiant altar of Vehumet.
   129 | D        | Found an ornate altar of the Wu Jian Council.
   130 | D        | Found a shimmering altar of Xom.
   131 | D        | Found a basalt altar of Yredelemnul.
   132 | D        | Found a glowing silver altar of Zin.
   133 | D        | Found a glowing golden altar of the Shining One.
   180 | D        | Noticed a troll
   180 | D        | Noticed a vampire
   180 | D        | Noticed a centaur
   180 | D        | Noticed a two-headed ogre
   180 | D        | Noticed a wraith
   185 | D        | Killed a wraith
   186 | D        | Reached skill level 10 in Fighting
   186 | D        | Reached skill level 11 in Axes
   186 | D        | Reached skill level 5 in Armour
   186 | D        | Reached XP level 6. HP: 67/67 MP: 5/5
   189 | D        | Killed a two-headed ogre
   189 | D        | Reached **** piety under Trog
   190 | D        | Reached skill level 13 in Axes
   190 | D        | Reached XP level 7. HP: 78/78 MP: 6/6
   192 | D        | Reached skill level 14 in Axes
   192 | D        | Reached XP level 8. HP: 67/86 MP: 7/7
   205 | D        | Killed a troll
   208 | D        | Reached skill level 15 in Axes
   404 | D        | Noticed a catoblepas
   404 | D        | Noticed a centaur warrior
   404 | D        | Noticed a manticore
   404 | D        | Noticed a centaur warrior
   404 | D        | Noticed a guardian serpent
   404 | D        | Noticed a boulder beetle
   404 | D        | Noticed a queen bee
   404 | D        | a guardian serpent changed into a queen bee
   508 | D        | Noticed a salamander
   516 | D        | Killed a boulder beetle
   517 | D        | Reached skill level 16 in Axes
   517 | D        | Reached XP level 9. HP: 96/96 MP: 8/8
   519 | D        | Killed a salamander
   519 | D        | Reached ***** piety under Trog
   520 | D        | Reached skill level 15 in Fighting
   524 | D        | Killed a centaur warrior
   525 | D        | Reached skill level 17 in Axes
   682 | D        | Killed a manticore
   692 | D        | Killed a centaur warrior
   693 | D        | Reached skill level 18 in Axes
   693 | D        | Reached skill level 1 in Stealth
   693 | D        | Reached XP level 10. HP: 108/108 MP: 9/9
   696 | D        | Killed a catoblepas
   696 | D        | Received a gift from Trog
   697 | D        | Reached skill level 10 in Dodging
   697 | D        | Reached skill level 1 in Evocations
   919 | D        | Reached skill level 10 in Armour
   924 | D        | Reached skill level 19 in Axes
   953 | D        | Noticed an oklob plant
   959 | D        | Received a gift from Trog
  1162 | D        | Noticed a black mamba
  1163 | D        | Noticed a cane toad
  1168 | D        | Killed an oklob plant
  1181 | D        | Killed a black mamba
  1182 | D        | Killed a cane toad
  1182 | D        | Reached ****** piety under Trog
  1183 | D        | Reached skill level 20 in Axes
  1419 | D        | Received a gift from Trog
  1429 | D        | Reached XP level 11. HP: 108/119 MP: 10/10
  1485 | D        | Noticed Harold
  1487 | D        | Noticed Urug
  1497 | D        | Killed Harold
  1497 | D        | Received a gift from Trog
  1505 | D        | Killed Urug
  1730 | D        | Noticed Grum
  1740 | D        | Killed Grum
  1754 | D        | Noticed Joseph
  1765 | D        | Killed Joseph
  1766 | D        | Reached skill level 21 in Axes
  1999 | D        | Reached skill level 5 in Stealth
  2007 | D        | Received a gift from Trog
  2124 | D        | Noticed an orc knight
  2124 | D        | Noticed an orc sorcerer
  2124 | D        | Noticed an orc knight
  2131 | D        | Killed an orc knight
  2133 | D        | Killed an orc sorcerer
  2138 | D        | Noticed an orc knight
  2146 | D        | Killed an orc knight
  2148 | D        | Received a gift from Trog
  2153 | D        | Killed an orc knight
  2542 | D        | Found Mennus's General Store.
  2542 | D        | Noticed an orc knight
  2542 | D        | Noticed an orc knight
  2542 | D        | Noticed an orc knight
  2544 | D        | Noticed an orc knight
  2546 | D        | Killed an orc knight
  2546 | D        | Received a gift from Trog
  2554 | D        | Killed an orc knight
  2560 | D        | Killed an orc knight
  2561 | D        | Reached skill level 22 in Axes
  2561 | D        | Found Wustram's General Store.
  2567 | D        | Killed an orc knight
  2572 | D        | Found Mood's Jewellery Boutique.
  2576 | D        | Identified the +8 battleaxe "Spiderslayer" {vorpal, Dex+7}
                  | (Trog gifted it to you in the Dungeon)
  2576 | D        | Received a gift from Trog
  2583 | D        | Found Usielo's Assorted Antiques.
  2861 | D        | Noticed an orc knight
  2862 | D        | Noticed an orc knight
  2868 | D        | Killed an orc knight
  2869 | D        | Reached XP level 12. HP: 134/134 MP: 11/11
  2900 | D        | Bought a shiny plate armour for 494 gold pieces
  2909 | D        | Bought a +3 plate armour of fire resistance for 495 gold
                  | pieces
  2914 | D        | Bought a scroll of enchant weapon for 82 gold pieces
  2914 | D        | Bought 2 silver javelins for 52 gold pieces
  2914 | D        | Bought a scroll of identify for 22 gold pieces
  2914 | D        | Bought a potion of invisibility for 88 gold pieces
  2916 | D        | Bought a tin of tremorstones (2/2) for 520 gold pieces
  2916 | D        | Bought a scroll of enchant armour for 97 gold pieces
  2924 | D        | Bought a scroll labelled YCOPUI MAES QUAB for 19 gold
                  | pieces
  2924 | D        | Bought a scroll labelled KAM POIDON for 19 gold pieces
  2957 | D        | Noticed Sonja
  2959 | D        | Killed Sonja
  2959 | D        | Received a gift from Trog
  3133 | D        | Noticed a centaur warrior
  3141 | D        | Noticed a six-headed hydra
  3144 | D        | Reached skill level 15 in Armour
  3144 | D        | Noticed a stone giant
  3146 | D        | Killed a centaur warrior
  3147 | D        | Noticed a fire dragon
  3149 | D        | Received a gift from Trog
  3150 | D        | Noticed a tengu reaver
  3152 | D        | Noticed a deep troll earth mage
  3153 | D        | Reached skill level 23 in Axes
  3160 | D        | Killed an eight-headed hydra
  3164 | D        | Killed a stone giant
  3167 | D        | Killed a fire dragon
  3171 | D        | Killed a tengu reaver
  3171 | D        | Received a gift from Trog
  3175 | D        | Killed a deep troll earth mage
  3178 | D        | Noticed a frost giant
  3190 | D        | Killed from afar by a frost giant

Illustrated notes

Levels and vault maps discovered:
D:        linesprint [early_d, line_temple, items_1, d_10, items_2, lair_1,
          lair_end, items_3, orc_1, orc_end, items_4, d_15, swamp_1, shoals_1,
          snake_1, spider_1, d_20, vaults_1, items_5, swamp_end, shoals_end,
          snake_end, spider_end, vaults_end, d_27, items_6, zot_1, zot_end,
          crypt_end, forest_end, elf_end, slime_end, tomb_end, abyss_end,
          pan_hell_end]

Skill      XL: |  1  2  3  4  5  6  7  8  9 10 11 12 |
---------------+-------------------------------------+-----
Fighting       | 4 7 8 10 12 13 14 16 18 20 22 | 22.4
Axes           | 4 7 9 11 13 14 16 18 20 22 23 | 23.7
Armour         | 3 4 5 6 7 9 11 14 16 | 16.6
Dodging        | 4 5 7 8 9 10 11 | 11.7
Stealth        | 1 4 5 |  5.5
Evocations     | 2 3 4 |  4.4

Action                   |  1- 3 |  4- 6 |  7- 9 | 10-12 || total
-------------------------+-------+-------+-------+-------++-------
Melee: Hand axe          |    22 |     8 |       |       ||    30
       Headbutt          |     5 |     3 |     6 |    51 ||    65
       Broad axe         |       |     8 |    28 |   175 ||   211
       Battleaxe         |       |       |       |    58 ||    58
       Punch             |       |       |       |     3 ||     3
Invok: Berserk           |     1 |     1 |     2 |     6 ||    10
       Brothers in Arms  |       |       |     1 |       ||     1
Evoke: Wand              |       |       |     5 |     5 ||    10
       Tin of tremorston |       |       |       |     3 ||     3
  Use: Potion            |       |       |     3 |     1 ||     4
       Scroll            |       |       |       |     4 ||     4
 Stab: Petrified         |       |       |     3 |       ||     3
Armor: Animal skin       |     3 |       |       |       ||     3
       Ring mail         |       |     1 |    19 |     1 ||    21
       Chain mail        |       |       |       |    31 ||    31
       Plate armour      |       |       |       |    25 ||    25
Dodge: Dodged            |    15 |     6 |    19 |    96 ||   136

Table legend: (Time is in decaauts)
 A = Elapsed time spent in this place.
 B = Non-inter-level travel time spent in this place.
 C = Inter-level travel time spent in this place.
 D = Time resting spent in this place.
 E = Time spent auto-exploring this place.
 F = Levels seen in this place.
 G = Mean time per level.
                   A        B        C        D        E       F      G
               +--------+--------+--------+--------+--------+-----+--------+
         Total |   3163 |   3163 |      0 |   2036 |    110 |   1 | 3163.0 |
       Dungeon |   3163 |   3163 |      0 |   2036 |    110 |   1 | 3163.0 |
               +--------+--------+--------+--------+--------+-----+--------+

Top non-repeatable levels by time:
       D: 3163 daAuts
